 Dungeon Crawl Stone Soup version 0.18.1-48-g4cf74bf (webtiles) character file.

18869 theElss the Eclecticist (level 12, -3/66 HPs)
             Began as a High Elf Conjurer on July 10, 2016.
             Was an Elder of Vehumet.
             Slain by a six-headed hydra (6 damage)
             ... on level 1 of the Lair of Beasts on July 11, 2016.
             The game lasted 01:22:36 (17547 turns).

theElss the Eclecticist (High Elf Conjurer)        Turns: 17547, Time: 01:22:37

Health: -3/66      AC: 15    Str:  9    XL:     12   Next: 31%
Magic:  7/47       EV: 20    Int: 24    God:    Vehumet [****..]
Gold:   857        SH:  0    Dex: 22    Spells: 8 memorised, 17 levels left

rFire  + . .     SeeInvis .     I - staff of power
rCold  . . .     Gourm    .     K - +0 leather armour "Ynoaps" {rF+ Dex+4}
rNeg   . . .     Faith    .     (no shield)
rPois  .         Spirit   .     D - +1 helmet
rElec  .         Dismiss  .     P - +0 cloak
rCorr  .         Reflect  .     Z - +0 pair of gloves (curse)
SustAt .         Harm     .     v - +1 pair of boots
MR     +....                    (no amulet)
Stlth  ++........               T - +6 ring of protection
                                Q - +3 ring of intelligence

@: very slightly contaminated, hasted and slowed, drained, somewhat resistant to
hostile enchantments, unstealthy
A: no striking features
a: Renounce Religion


You were on level 1 of the Lair of Beasts.
You worshipped Vehumet.
Vehumet was greatly pleased with you.
You were hungry.

You visited 3 branches of the dungeon, and saw 13 of its levels.
You also visited: Ossuary and Bailey.

You collected 857 gold pieces.

Inventory:

Hand Weapons
 w - a +2 mace of protection
Armour
 v - a +1 pair of boots (worn)
 D - a +1 helmet (worn)
 K - the +0 leather armour "Ynoaps" (worn) {rF+ Dex+4}
   (You found it on level 6 of the Dungeon)

   It affects your dexterity (+4).
   It protects you from fire.
 P - a +0 cloak (worn)
 Z - a cursed +0 pair of gloves (worn)
Magical Staves
 I - an uncursed staff of power (weapon)
Jewellery
 k - an uncursed ring of sustain attributes
 G - an uncursed ring of protection from fire
 L - an uncursed ring of resist corrosion
 Q - a +3 ring of intelligence (left hand)
 R - an uncursed amulet of faith
 T - a +6 ring of protection (right hand)
Wands
 a - a wand of slowing (33/48)
 s - a wand of digging (10/24)
 x - a wand of iceblast (7/15)
 B - a wand of teleportation (7/9)
 S - a wand of iceblast (9/15)
 W - a wand of confusion (34/48)
Scrolls
 d - 3 scrolls of blinking {unknown}
 e - 11 scrolls of remove curse
 f - 2 scrolls of random uselessness {unknown}
 h - 3 scrolls of silence {unknown}
 j - 3 scrolls of immolation {unknown}
 m - 2 scrolls of amnesia {unknown}
 n - 2 scrolls of enchant armour {unknown}
 o - 3 scrolls of recharging {unknown}
 u - 4 scrolls of fear {unknown}
 y - 6 scrolls of noise {unknown}
 C - a scroll of torment {unknown}
 E - 3 scrolls of teleportation {unknown}
 F - a scroll of magic mapping {unknown}
 J - a scroll of brand weapon {unknown}
 O - a scroll of identify
 X - a scroll of fog {unknown}
 Y - 2 scrolls of enchant weapon {unknown}
Potions
 b - a potion of cancellation {unknown}
 i - 3 potions of flight
 p - 3 potions of agility
 q - a potion of cure mutation {unknown}
 t - 3 potions of heal wounds
 z - 2 potions of curing
 A - a potion of might {unknown}
 H - a potion of invisibility
 M - 3 potions of lignification {unknown}
 U - a potion of brilliance {unknown}
Books
 g - a book of Air

   Spells                             Type                      Level
   a - Shock                          Conjuration/Air              1
   b - Swiftness                      Charms/Air                   2
   c - Repel Missiles                 Charms/Air                   2
   d - Static Discharge               Conjuration/Air              3
   e - Lightning Bolt                 Conjuration/Air              5
 l - a book of Dreams

   Spells                             Type                      Level
   a - Ensorcelled Hibernation        Hexes/Ice                    2
   b - Silence                        Hexes/Air                    5
   c - Darkness                       Hexes                        6
   d - Shadow Creatures               Summoning                    6
Comestibles
 c - 9 bread rations
 N - 8 chunks of flesh
 V - 4 meat rations


   Skills:
 - Level 0.2(0.0) Maces & Flails
 + Level 9.8(9.2) Dodging
 - Level 2.1(1.7) Stealth
 - Level 15.1(14.4) Spellcasting
 - Level 12.1(11.5) Conjurations
 * Level 5.2(4.7) Fire Magic
 - Level 0.2(0.0) Air Magic
 - Level 0.7(0.2) Poison Magic


You had 17 spell levels left.
You knew the following spells:

 Your Spells              Type           Power        Failure   Level  Hunger
a - Magic Dart            Conj           ####         1%          1    None
b - Iskenderun's Battles  Conj/Chrm      #####...     4%          5    ##.....
c - Searing Ray           Conj           ######       1%          2    None
d - Iskenderun's Mystic   Conj           ######..     1%          4    None
e - Blink                 Tloc           N/A          10%         2    None
f - Fireball              Conj/Fire      ######....   1%          5    ##.....
g - Mephitic Cloud        Conj/Pois/Air  #####...     1%          3    None
h - Delayed Fireball      Conj/Fire      N/A          61%         7    ######.


Dungeon Overview and Level Annotations

Branches:
Dungeon (11/15)            Temple (1/1) D:5            Lair (1/8) D:11
    Orc (0/2) D:9

Altars:
Ashenzari
Cheibriados
Dithmenos
Elyvilon
Fedhas
Gozag
Kikubaaqudgha
Makhleb
Nemelex Xobeh
Okawaru
Pakellas
Qazlal
Ru
Sif Muna
Trog
Vehumet
Xom
Yredelemnul
Zin
The Shining One

Shops:
D:4 :[

Annotations:
Lair:1 exclusion: hydra, Gagarin's ghost, novice DrWz


Message History

The six-headed hydra bites you but does no damage.
The six-headed hydra bites you. The six-headed hydra misses you.
Read which item? (? for menu, Esc to quit)
Okay, then.
Drink which item? (? for menu, Esc to quit)
You feel yourself speed up.
Gagarin's ghost lets out a mournful wail.
The six-headed hydra misses you.
The six-headed hydra bites you but does no damage. x2
The six-headed hydra bites you! The six-headed hydra bites you.
The six-headed hydra bites you but does no damage.
Gagarin's ghost casts a spell at you.
The ball explodes into a vile cloud!
The stinking cloud engulfs the six-headed hydra.
The six-headed hydra bites you!
* * * LOW HITPOINT WARNING * * *
The six-headed hydra barely misses you. The six-headed hydra bites you!
* * * LOW HITPOINT WARNING * * *
The six-headed hydra barely misses you. The six-headed hydra bites you.
You die...

###..# #######'#### #.?
###P##.### #.....÷...P# #. ##
#........# #.........## #####† .#
#........###.........####§#... #
#....................'........
+.##........#.#.......W.####.....
#...........#.+..§§§.....# ##....
####.........##..§§§....## ##...
.##P.....##+.#..@D§.....# ####
####.....#.....######+### ##
###..##.8...# .#####.......###
..##.#.#....## ..§.........#
.....8....#.# ##.......##...
.#.8...8..# .# .


You could see a six-headed hydra and Gagarin's ghost.

Vanquished Creatures
  Erolcha (D:8)
  A deep elf knight (Bailey)
  Pikel (D:8)
  2 hill giants
  9 deep elf magi (Bailey)
  An ugly thing (D:10)
  The ghost of junkhipster the Shield-Bearer, a novice GrFi (D:6)
  Maurice (D:9)
  Joseph (D:9)
  2 gargoyles
  A spiny frog (Lair:1)
  The ghost of Typee the Sneak, a novice OpCj (D:4)
  The ghost of Aquadorian the Carver, an amateur MiFi (D:5)
  A spriggan (D:7)
  A wyvern (D:9)
  10 yaks
  A hungry ghost (D:7)
  2 hippogriffs
  Menkaure (D:7)
  3 water moccasins
  2 hell hounds (D:11)
  2 porcupines (Lair:1)
  An ice beast (D:7)
  A slave (D:8)
  A wasp (D:10)
  3 black bears
  3 orc warriors
  7 ogres
  An eye of draining (D:11)
  4 sky beasts
  3 phantoms
  5 centaurs
  3 big kobolds
  5 crocodiles
  3 elf zombies (Ossuary)
  12 giant frogs
  6 scorpions
  10 killer bees (D:10)
  A howler monkey (D:9)
  2 crimson imps (D:5)
  3 quasits
  A human zombie (Ossuary)
  2 giant frog zombies
  3 hounds
  2 jellies
  12 orc wizards
  A giant frog skeleton (D:5)
  9 orc priests
  9 iguanas
  Natasha (D:2)
  10 worker ants
  2 big kobold zombies (Ossuary)
  A hound zombie (Ossuary)
  3 mummies (Ossuary)
  Robin (D:2)
  A worker ant zombie (D:11)
  10 adders
  7 gnolls
  9 river rats (Lair:1)
  A shadow imp (D:10)
  An ooze (D:2)
  6 adder zombies
  6 worms
  2 dart slugs
  4 giant geckos
  40 orcs
  7 giant cockroaches
  20 goblins
  8 hobgoblins
  18 jackals
  22 kobolds
  6 quokkas
  3 ball pythons
  7 bats
  A giant gecko skeleton (D:5)
  4 giant newts
  2 gnoll zombies (Ossuary)
  5 goblin zombies (Ossuary)
  5 hobgoblin zombies (Ossuary)
  3 jackal zombies (Ossuary)
  A kobold zombie (Ossuary)
  An orc zombie (Ossuary)
  5 quokka zombies (Ossuary)
  6 rats
  3 rat zombies (Ossuary)
391 creatures vanquished.

Vanquished Creatures (collateral kills)
  A killer bee (D:10)
1 creature vanquished.

Vanquished Creatures (others)
  A giant frog zombie (D:8)
  A fire vortex (Lair:1)
2 creatures vanquished.

Grand Total: 394 creatures vanquished

Notes
Turn   | Place    | Note
--------------------------------------------------------------
     0 | D:1      | theElss the High Elf Conjurer began the quest for the Orb.
     0 | D:1      | Reached XP level 1. HP: 11/11 MP: 4/4
   742 | D:1      | Reached XP level 2. HP: 11/17 MP: 0/6
   749 | D:1      | Learned a level 2 spell: Searing Ray
  1045 | D:2      | Reached skill level 5 in Conjurations
  1312 | D:2      | Reached XP level 3. HP: 21/21 MP: 2/8
  1422 | D:2      | Reached skill level 3 in Spellcasting
  1738 | D:2      | Found a faded altar to an unknown god.
  1748 | D:2      | Noticed Robin
  1974 | D:2      | Reached XP level 4. HP: 27/27 MP: 7/10
  2003 | D:2      | Learned a level 4 spell: Iskenderun's Mystic Blast
  2191 | D:2      | Killed Robin
  2554 | D:2      | Noticed Natasha
  2562 | D:2      | Killed Natasha
  2562 | D:2      | Reached skill level 4 in Spellcasting
  2562 | D:2      | Reached XP level 5. HP: 25/31 MP: 4/12
  3260 | D:3      | Noticed a crocodile
  3322 | D:4      | Found Ogimiol's Book Boutique.
  3407 | D:4      | Found a sand-covered staircase.
  3418 | Ossuary  | Entered an ossuary
  3902 | Ossuary  | Reached XP level 6. HP: 36/36 MP: 4/14
  4240 | Ossuary  | Reached skill level 5 in Spellcasting
  4590 | Ossuary  | Reached skill level 6 in Spellcasting
  4590 | Ossuary  | Reached XP level 7. HP: 37/41 MP: 5/17
  5217 | D:4      | Found Ligyrhaisk's Armour Shoppe.
  5252 | D:4      | Noticed Typee's ghost (novice OpCj)
  5267 | D:4      | Killed Typee's ghost
  5267 | D:4      | Reached skill level 7 in Spellcasting
  5763 | D:3      | Reached XP level 8. HP: 46/46 MP: 10/20
  6461 | D:4      | Found a snail-covered altar of Cheibriados.
  6471 | D:4      | Found a shimmering altar of Xom.
  6489 | D:5      | Entered Level 5 of the Dungeon
  6509 | D:5      | Reached skill level 8 in Spellcasting
  6537 | D:5      | Noticed Aquadorian's ghost (amateur MiFi)
  6818 | D:5      | Reached skill level 5 in Dodging
  7115 | D:5      | Found a glowing golden altar of the Shining One.
  7141 | D:5      | Found a staircase to the Ecumenical Temple.
  7156 | Temple   | Entered the Ecumenical Temple
  7229 | Temple   | Became a worshipper of Vehumet
  7328 | D:6      | Learned a level 5 spell: Iskenderun's Battlesphere
  7607 | D:6      | Reached skill level 9 in Spellcasting
  7715 | D:6      | Got an ancient leather armour
  7734 | D:5      | Noticed a rust devil
  7914 | D:5      | Noticed an angel
  8017 | D:5      | You fall through a shaft!
  8424 | D:6      | Learned a level 2 spell: Blink
  8474 | D:6      | Noticed junkhipster's ghost (novice GrFi)
  8527 | D:7      | Reached XP level 9. HP: 51/51 MP: 17/23
  8711 | D:7      | Reached skill level 10 in Spellcasting
  8888 | D:7      | Found Evas's Antique Armour Shop.
  8930 | D:7      | Noticed Menkaure
  8930 | D:7      | Reached * piety under Vehumet
  8930 | D:7      | Offered knowledge of Sandblast by Vehumet.
  8954 | D:7      | Killed Menkaure
  9276 | D:7      | Reached skill level 11 in Spellcasting
  9526 | D:7      | Identified the +0 leather armour "Ynoaps" {rF+ Dex+4} (You found it on level 6 of the Dungeon)
  9977 | D:8      | Noticed Pikel
  9993 | D:8      | Killed Pikel
  9993 | D:8      | Reached XP level 10. HP: 35/56 MP: 26/26
 10210 | D:8      | Noticed Erolcha
 10420 | D:8      | Killed Erolcha
 10420 | D:8      | Reached skill level 12 in Spellcasting
 11667 | D:5      | Found a glowing golden altar of the Shining One.
 11747 | D:5      | Reached skill level 10 in Conjurations
 11763 | D:5      | Killed Aquadorian's ghost
 11893 | D:6      | Killed junkhipster's ghost
 12555 | D:9      | Found a staircase to the Orcish Mines.
 12592 | D:9      | Reached ** piety under Vehumet
 12703 | D:9      | Noticed Maurice
 12707 | D:9      | Killed Maurice
 12707 | D:9      | Offered knowledge of Freeze by Vehumet.
 12707 | D:9      | Reached skill level 13 in Spellcasting
 12890 | D:9      | Noticed Joseph
 12905 | D:9      | Killed Joseph
 13005 | D:9      | Identified Qidwaxt's Handbook of Damaging Displacement (You found it on level 9 of the Dungeon)
 13123 | D:9      | Reached XP level 11. HP: 55/61 MP: 28/29
 13154 | D:9      | Found an iron altar of Okawaru.
 13231 | D:9      | Found a glowing golden altar of the Shining One.
 13337 | D:9      | Found a shadowy altar of Dithmenos.
 13615 | D:9      | Found a burning altar of Makhleb.
 13749 | D:10     | Entered Level 10 of the Dungeon
 13966 | D:10     | Found a flagged portal.
 13972 | Bailey   | Entered a bailey
 14035 | Bailey   | Noticed a deep elf mage
 14041 | Bailey   | Killed a deep elf mage
 14041 | Bailey   | Offered knowledge of Mephitic Cloud by Vehumet.
 14047 | Bailey   | Learned a level 3 spell: Mephitic Cloud
 14172 | Bailey   | Noticed a deep elf mage
 14175 | Bailey   | Noticed a deep elf mage
 14177 | Bailey   | Noticed a deep elf mage
 14177 | Bailey   | Killed a deep elf mage
 14178 | Bailey   | Noticed a deep elf mage
 14179 | Bailey   | Killed a deep elf mage
 14181 | Bailey   | Killed a deep elf mage
 14181 | Bailey   | Reached skill level 14 in Spellcasting
 14182 | Bailey   | Noticed a deep elf mage
 14184 | Bailey   | Killed a deep elf mage
 14185 | Bailey   | Noticed a deep elf mage
 14187 | Bailey   | Killed a deep elf mage
 14188 | Bailey   | Killed a deep elf mage
 14188 | Bailey   | Reached *** piety under Vehumet
 14331 | Bailey   | Noticed a deep elf knight
 14335 | Bailey   | Killed a deep elf knight
 14469 | Bailey   | Noticed a deep elf mage
 14469 | Bailey   | Noticed a deep elf mage
 14471 | Bailey   | Killed a deep elf mage
 14474 | Bailey   | Killed a deep elf mage
 14868 | D:10     | Offered knowledge of Airstrike by Vehumet.
 14899 | D:10     | Noticed a hill giant
 14906 | D:10     | Killed a hill giant
 15329 | D:10     | Reached skill level 15 in Spellcasting
 15759 | D:11     | Reached **** piety under Vehumet
 15772 | D:11     | Noticed a purple ugly thing
 15784 | D:10     | Killed a purple ugly thing
 15784 | D:10     | Offered knowledge of Fireball by Vehumet.
 15791 | D:10     | Learned a level 5 spell: Fireball
 15904 | D:11     | Reached skill level 1 in Fire Magic
 15904 | D:11     | Reached XP level 12. HP: 66/66 MP: 32/32
 16467 | D:11     | Found a staircase to the Lair.
 16968 | Lair:1   | Entered Level 1 of the Lair of Beasts
 17299 | Lair:1   | Reached ***** piety under Vehumet
 17398 | Lair:1   | Offered knowledge of Delayed Fireball by Vehumet.
 17398 | Lair:1   | Reached skill level 5 in Fire Magic
 17408 | Lair:1   | Learned a level 7 spell: Delayed Fireball
 17484 | Lair:1   | Noticed a six-headed hydra
 17513 | Lair:1   | Noticed Gagarin's ghost (novice DrWz)
 17547 | Lair:1   | HP: 3/66 [six-headed hydra (8)]
 17547 | Lair:1   | Slain by a six-headed hydra

Skill      XL: |  1  2  3  4  5  6  7  8  9 10 11 12 |
---------------+-------------------------------------+-----
Conjurations   | 5 6 7 8 9 10 12 | 12.1
Spellcasting   | 3 4 6 7 9 11 13 15 | 15.1
Dodging        | 3 4 5 6 8 9 |  9.8
Fire Magic     | 1 5 |  5.2
Maces & Flails | |  0.2
Stealth        | |  2.1
Air Magic      | |  0.2
Poison Magic   | |  0.7

Action                   |  1- 3 |  4- 6 |  7- 9 | 10-12 || total
-------------------------+-------+-------+-------+-------++-------
Melee: Unarmed           |     2 |       |       |       ||     2
       Mace              |       |    11 |     3 |       ||    14
 Cast: Magic Dart        |    63 |   142 |   156 |   239 ||   600
       Searing Ray       |     4 |    30 |    63 |    62 ||   159
       Iskenderun's Myst |       |       |     4 |    93 ||    97
       Iskenderun's Batt |       |       |       |    41 ||    41
       Mephitic Cloud    |       |       |       |     8 ||     8
       Fireball          |       |       |       |     1 ||     1
  Use: Scroll            |       |       |     8 |     1 ||     9
       Potion            |       |       |       |     1 ||     1
  Eat: Chunk             |     3 |     6 |    12 |    25 ||    46
       Pizza             |       |     1 |       |       ||     1
       Meat ration       |       |       |     1 |       ||     1
       Fruit             |       |       |     1 |     1 ||     2
Armor: Robe              |     2 |    24 |    17 |       ||    43
       Leather armour    |       |       |     7 |    38 ||    45
Dodge: Dodged            |     5 |    19 |    66 |   123 ||   213
